 Dungeon Crawl Stone Soup version 0.31-a0-204-g7da18cac08 (webtiles) character file.

Game seed: 2873971081637443339

181 olmar the Covered (level 5, 0/72 HPs)
             Began as an Armataur Fighter on June 27, 2023.
             Slain by a kobold brigand
             ... wielding a +0 whip
              (4 damage)
             ... in a sewer.
             The game lasted 00:03:51 (1782 turns).

olmar the Covered (Armataur Fighter)                Turns: 1782, Time: 00:03:52

Health: 0/72       AC: 14    Str: 23    XL:     5   Next: 34%
Magic:  5/5        EV: 11    Int:  8    God:
Gold:   125        SH:  4    Dex: 10    Spells: 4/4 levels left

rFire   . . .        a - +0 flail
rCold   . . .        c - +0 buckler
rNeg    . . .        h - +0 chain mail
rPois   .            g - +0 helmet
rElec   .            (no cloak)
rCorr   .            (no gloves)
SInv    .            (no barding)
Will    +....        (no amulet) Stlth
                     b - +5 ring of evasion
HPRegen 0.32/turn    n - +4 ring of protection
MPRegen 0.09/turn

%: roll
@: mighty, berserking, attractive, enlightened, flying, invisible, very quick
A: large, rugged brown scales 3, deformed body, armoured tail, roll, long
tongue, awkward tongue
a: no special abilities


You were in a sewer.
You visited 1 branch of the dungeon, and saw 3 of its levels.
You also visited: Sewer.

You collected 125 gold pieces.

Inventory:

Hand Weapons
 a - a +0 flail (weapon)
Armour
 c - a +0 buckler (worn)
 g - a +0 helmet (worn)
 h - a +0 chain mail (worn)
 s - a +1 hat
Jewellery
 b - a +5 ring of evasion (left hand)
 j - a ring of resist corrosion
 n - a +4 ring of protection (right hand)
Wands
 e - a wand of polymorph (7)
Scrolls
 f - 3 scrolls of teleportation
 k - 2 scrolls of torment
 o - a scroll of noise
Potions
 m - a potion of magic
 r - a potion of lignification {unknown}
 t - a potion of heal wounds {unknown}
 u - a potion of curing {unknown}
 v - a potion of mutation {unknown}


   Skills:
 + Level 3.2 Fighting
 + Level 3.1 Maces & Flails
 + Level 4.9 Armour
 + Level 4.5 Shields


You had 4 spell levels left.
You didn't know any spells.
Your spell library contained the following spells:

 Spells                   Type           Power      Damage    Failure   Level
 Kiss of Death            Conj/Necr      0%         2d5       96%         1
 Confusing Touch          Hex            0%         N/A       100%        3
 Dispel Undead            Necr           0%         3d6       100%        4


Dungeon Overview and Level Annotations

Branches:
Dungeon (3/15)              Sewer (1/1)

Altars:
Elyvilon


Innate Abilities, Weirdness & Mutations

You are completely covered in rugged brown scales. (AC +3, +7% HP)
Armour fits poorly on your strangely shaped body.
You have a long armoured tail.
You roll when moving toward enemies. (Rampage)
Your long tongue fully drains potion bottles. (2x potion effects)
Your tongue gives you trouble enunciating. (1.5x scroll delay)


Message History

Unknown command.
Okay, then.
You sock the kobold brigand!
The kobold brigand is moderately wounded.
The kobold brigand closely misses you.
The kobold brigand throws a poisoned dart.
The poisoned dart hits the kobold.
The kobold is poisoned.
Unknown command.
Aiming: Polymorph
Press: ? - help, Shift-Dir - straight line, f - kobold brigand
Aim: a kobold brigand, wielding a +0 dagger and quivering curare-tipped darts (moderately wounded, unable to see you, will become a wolf, an ice beast, or a sky beast, chance to affect: 49%)
Okay, then.
It was a potion of attraction.
You feel attractive to monsters.
You slurp down every last drop of the potion of attraction!
The kobold brigand hits you but does no damage.
The kobold hits you but does no damage.
You closely miss the kobold.
The kobold brigand hits you but does no damage.
The kobold hits you with a +0 whip of flaming.
* * * LOW HITPOINT WARNING * * *
The kobold burns you.
* * * LOW HITPOINT WARNING * * *
Unknown command.
It was a potion of berserk rage.
A red film seems to cover your vision as you go berserk!
You feel yourself moving faster!
You feel mighty!
You slurp down every last drop of the potion of berserk rage!
The kobold is attracted toward you.
The kobold brigand is attracted toward you.
Unknown command.
You sock the kobold!
You kill the kobold!
You block the kobold's attack.
The kobold brigand closely misses you. x2
Unknown command.
You sock the kobold brigand! You tail-slap the kobold brigand.
You kill the kobold brigand!
You hear a splash. x2
The kobold brigand hits you with a +0 whip.
You die...

~~ ~~ ≈≈≈ ~≈≈≈ ~~~ ~~~
~#######~##############
~~P..P~~~~P~P.~~~#...)#
P~...~~~~~~....~KK.§∩?#
~.......~~~...~~@K§...#
..P.............)#!..!#
................#######
................#
..........†...###
.....†....#####
#..####.### #### ###


You could see 2 kobold brigands and a kobold (unable to see you).

Vanquished Creatures
  A kobold brigand (Sewer)
  A scorpion (D:3)
  A river rat (D:3)
  3 adders
  An ufetubus (D:3)
  2 dart slugs
  3 orcs (D:3)
  4 ball pythons
  4 endoplasms
  5 giant cockroaches
  4 goblins
  7 hobgoblins
  6 jackals (D:1)
  6 quokkas
  7 bats
  A frilled lizard (D:1)
  9 kobolds
  5 rats
70 creatures vanquished.

Notes
Turn   | Place    | Note
-------+----------+-------------------------------------------
     0 | D:1      | olmar the Armataur Fighter began the quest for the Orb.
     0 | D:1      | Reached XP level 1. HP: 19/19 MP: 1/1
   215 | D:1      | Reached XP level 2. HP: 21/26 MP: 2/2
   618 | D:1      | Reached XP level 3. HP: 33/33 MP: 3/3
  1010 | D:2      | Found a white marble altar of Elyvilon.
  1338 | D:3      | Reached XP level 4. HP: 26/40 MP: 4/4
  1407 | D:3      | Noticed a scorpion
  1415 | D:3      | Killed a scorpion
  1416 | D:3      | Reached XP level 5. HP: 32/48 MP: 5/5
  1628 | D:3      | Found a glowing drain.
  1632 | Sewer    | Entered a sewer
  1779 | Sewer    | HP: 2/48 [kobold/+0 whip of flaming (1)]
  1782 | Sewer    | Slain by a kobold brigand

Illustrated notes

Levels and vault maps discovered:
D:1:      scummos_arrival_forest, layout_loops_ring
D:2:      kennysheep_six_static_rooms, layout_rooms, basic_altar
D:3:      minmay_door_path, layout_basic, gup_sewer_entry_spiral,
          serial_park_tiny_1
Sewer:    kennysheep_pipe_town

Skill      XL: |  1  2  3  4 |
---------------+-------------+-----
Armour         | 4 |  4.9
Fighting       | 3 |  3.2
Maces & Flails | 2 3 |  3.1
Shields        | 4 |  4.5

Action                     |  1- 3 |  4- 6 || total
---------------------------+-------+-------++-------
  Melee: Flail             |   154 |    74 ||   228
         Tailslap          |    10 |     9 ||    19
    Use: Scroll            |     7 |       ||     7
         Potion            |       |     5 ||     5
 Armour: Chain mail        |    88 |    49 ||   137
         Scale mail        |     7 |       ||     7
  Dodge: Dodged            |    98 |    59 ||   157
  Block: Buckler           |    37 |    37 ||    74

Table legend: (Time is in decaauts)
 A = Elapsed time spent in this place.
 B = Non-inter-level travel time spent in this place.
 C = Inter-level travel time spent in this place.
 D = Time resting spent in this place.
 E = Time spent auto-exploring this place.
 F = Levels seen in this place.
 G = Mean time per level.
                   A        B        C        D        E       F      G
               +--------+--------+--------+--------+--------+-----+--------+
         Total |   1855 |   1797 |     58 |      6 |   1044 |   4 |  463.8 |
       Dungeon |   1695 |   1637 |     58 |      6 |    957 |   3 |  565.0 |
         Sewer |    159 |    159 |      0 |      0 |     87 |   1 |  159.0 |
               +--------+--------+--------+--------+--------+-----+--------+

Top non-repeatable levels by time:
     D:1: 857 daAuts
     D:2: 484 daAuts
     D:3: 353 daAuts
   Sewer: 159 daAuts
